| TOP OF THE 1ST |
|
Clinton Pilots batting - Pitching for Danville Veterans : RHP Dave W Smith
|
|
Pitching: RHP Dave W Smith
|
|
|
Batting: RHB Danny Chairez
|
0-0: Ball 1-0: Fly out, F8 (Line Drive, 8LD, EV 93.8 MPH)
|
|
Batting: RHB Tom Riley
|
0-0: Ball 1-0: Ball 2-0: Ball 3-0: Called Strike 3-1: Base on Balls
|
|
Batting: SHB Alan Regier
|
0-0: DOUBLE (Groundball, 3L, EV 104.4 MPH) Tom Riley to third Runner from 3rd tries for Home, SAFE, throw by RF to trailing runner, SAFE at third!
|
|
Batting: RHB Abe Rael
|
0-0: Ball 1-0: Called Strike 1-1: Ball 2-1: Foul Ball, location: 2F 2-2: Foul Ball, location: 2F 2-2: Strikes out swinging
|
|
Batting: RHB Joseph Rietano
|
0-0: Ball 1-0: Called Strike 1-1: SINGLE (Groundball, P, EV 86.3 MPH) (infield hit) Alan Regier scores
|
|
Batting: RHB Alberto Reyes
|
0-0: Swinging Strike 0-1: Ball 1-1: Ball 2-1: SINGLE (Flyball, 56D, EV 90.0 MPH) Joseph Rietano to second
|
|
Batting: RHB Barry Siebert
|
0-0: SINGLE (Groundball, 56D, EV 101.3 MPH) Joseph Rietano to third Alberto Reyes to second Runner from 3rd tries for Home, SAFE, throw by LF to home
|
|
Batting: LHB Epifano Martinez
|
0-0: Ball 1-0: SINGLE (Groundball, 34D, EV 103.8 MPH) Alberto Reyes to third Barry Siebert to second Runner from 3rd tries for Home, SAFE, throw by RF to home
|
|
Batting: RHB Paul Bradley
|
0-0: Foul Ball, location: 2F 0-1: Called Strike 0-2: Hit by Pitch Barry Siebert to third Epifano Martinez to second
|
|
Batting: RHB Danny Chairez
|
0-0: Ball 1-0: Ball 2-0: SINGLE (Flyball, 9S, EV 86.9 MPH) Barry Siebert scores Epifano Martinez to third Paul Bradley to second Runner from 3rd tries for Home, throw by RF and OUT! 9-2
|
| Top of the 1st over - 5 runs, 6 hits, 0 errors, 2 left on base; Clinton 5 - Danville 0 |
| BOTTOM OF THE 1ST |
|
Danville Veterans batting - Pitching for Clinton Pilots : RHP Mark Ciardi
|
|
Pitching: RHP Mark Ciardi
|
|
|
Batting: RHB Billy Hatcher
|
0-0: Ball 1-0: SINGLE (Flyball, 3D, EV 96.3 MPH)
|
|
Batting: LHB Adrian Zepeda
|
0-0: Ball 1-0: Ball 2-0: Foul Ball, location: 2F 2-1: Ball 3-1: Swinging Strike 3-2: Strikes out looking
|
|
Batting: RHB Henry Janssen
|
0-0: Called Strike 0-1: Ball 1-1: Swinging Strike 1-2: Foul Ball, location: 2F 1-2: Ball 2-2: Ball 3-2: Strikes out looking
|
|
Batting: LHB Mark Salas
|
0-0: Ball 1-0: Ball 2-0: Fly out, F8 (Flyball, 8LD, EV 100.0 MPH)
|
| Bottom of the 1st over - 0 runs, 1 hit, 0 errors, 1 left on base; Clinton 5 - Danville 0 |
| TOP OF THE 2ND |
|
Clinton Pilots batting - Pitching for Danville Veterans : RHP Dave W Smith
|
|
Batting: RHB Tom Riley
|
0-0: Foul Ball, location: 2F 0-1: Ground out U3 (Groundball, 34S, EV 79.4 MPH)
|
|
Batting: SHB Alan Regier
|
0-0: Fly out, F8 (Flyball, 8RM, EV 88.8 MPH)
|
|
Batting: RHB Abe Rael
|
0-0: Swinging Strike 0-1: Called Strike 0-2: Foul Ball, location: 2F 0-2: Fly out, F5 (Popup, 5SF, EV 76.3 MPH)
|
| Top of the 2nd over - 0 runs, 0 hits, 0 errors, 0 left on base; Clinton 5 - Danville 0 |
| BOTTOM OF THE 2ND |
|
Danville Veterans batting - Pitching for Clinton Pilots : RHP Mark Ciardi
|
|
Batting: RHB Robert Gauci
|
0-0: Swinging Strike 0-1: Ball 1-1: Foul Ball, location: 2F 1-2: Strikes out swinging
|
|
Batting: RHB Ed Saavedra
|
0-0: Foul Ball, location: 2F 0-1: SINGLE (Groundball, 4MD, EV 103.8 MPH)
|
|
Batting: RHB Jeff Moronko
|
0-0: Foul Ball, location: 2F 0-1: Fly out, F9 (Line Drive, 9, EV 90.6 MPH)
|
|
Batting: RHB Gordon Gauntlett
|
0-0: Ball 1-0: Called Strike 1-1: Foul Ball, location: 2F 1-2: Fielders Choice at 2nd, 5-4 (Groundball, 5, EV 105.6 MPH)
|
| Bottom of the 2nd over - 0 runs, 1 hit, 0 errors, 1 left on base; Clinton 5 - Danville 0 |
| TOP OF THE 3RD |
|
Clinton Pilots batting - Pitching for Danville Veterans : RHP Dave W Smith
|
|
Batting: RHB Joseph Rietano
|
0-0: Fly out, F9 (Line Drive, 9, EV 91.9 MPH)
|
|
Batting: RHB Alberto Reyes
|
0-0: Ball 1-0: Called Strike 1-1: Foul Ball, location: 2F 1-2: Foul Ball, location: 2F 1-2: Ground out 5-3 (Groundball, 56S, EV 68.8 MPH)
|
|
Batting: RHB Barry Siebert
|
0-0: Called Strike 0-1: Called Strike 0-2: Ball 1-2: Foul Ball, location: 2F 1-2: Ball 2-2: Ball 3-2: Strikes out swinging
|
| Top of the 3rd over - 0 runs, 0 hits, 0 errors, 0 left on base; Clinton 5 - Danville 0 |
| BOTTOM OF THE 3RD |
|
Danville Veterans batting - Pitching for Clinton Pilots : RHP Mark Ciardi
|
|
Batting: RHB Tom Hayes
|
0-0: Foul Ball, location: 2F 0-1: Ball 1-1: Ball 2-1: Called Strike 2-2: Strikes out swinging
|
|
Batting: RHB Billy Hatcher
|
0-0: Fly out, F8 (Flyball, 89S, EV 86.9 MPH)
|
|
Batting: LHB Adrian Zepeda
|
0-0: Ball 1-0: Called Strike 1-1: Ball 2-1: Fly out, F7 (Line Drive, 7, EV 89.4 MPH)
|
| Bottom of the 3rd over - 0 runs, 0 hits, 0 errors, 0 left on base; Clinton 5 - Danville 0 |
| TOP OF THE 4TH |
|
Clinton Pilots batting - Pitching for Danville Veterans : RHP Dave W Smith
|
|
Batting: LHB Epifano Martinez
|
0-0: Called Strike 0-1: Fly out, F3 (Popup, 34, EV 67.5 MPH)
|
|
Batting: RHB Paul Bradley
|
0-0: Called Strike 0-1: Ball 1-1: Ground out 6-3 (Groundball, 6, EV 80.6 MPH)
|
|
Batting: RHB Danny Chairez
|
0-0: Ball 1-0: SINGLE (Line Drive, 6M, EV 94.4 MPH)
|
|
Batting: RHB Tom Riley
|
0-0: Fly out, F7 (Flyball, 7, EV 84.4 MPH)
|
| Top of the 4th over - 0 runs, 1 hit, 0 errors, 1 left on base; Clinton 5 - Danville 0 |
| BOTTOM OF THE 4TH |
|
Danville Veterans batting - Pitching for Clinton Pilots : RHP Mark Ciardi
|
|
Batting: RHB Henry Janssen
|
0-0: Ball 1-0: Ball 2-0: Ball 3-0: Base on Balls
|
|
Batting: LHB Mark Salas
|
0-0: Ball 1-0: Called Strike 1-1: SINGLE (Line Drive, 9S, EV 103.1 MPH) Henry Janssen to second
|
|
Batting: RHB Robert Gauci
|
0-0: Swinging Strike 0-1: Ball 1-1: Grounds into double play, 1-4-3 (Groundball, 15S, EV 66.3 MPH) Henry Janssen to third
|
|
Batting: RHB Ed Saavedra
|
0-0: Called Strike 0-1: Ball 1-1: Ball 2-1: Ground out 5-3 (Groundball, 5, EV 100.6 MPH)
|
| Bottom of the 4th over - 0 runs, 1 hit, 0 errors, 1 left on base; Clinton 5 - Danville 0 |
| TOP OF THE 5TH |
|
Clinton Pilots batting - Pitching for Danville Veterans : RHP Dave W Smith
|
|
Batting: SHB Alan Regier
|
0-0: Ball 1-0: Foul Ball, location: 2F 1-1: Foul Ball, location: 2F 1-2: Ball 2-2: Strikes out swinging
|
|
Batting: RHB Abe Rael
|
0-0: Ball 1-0: Fly out, F8 (Flyball, 89XD, EV 83.1 MPH)
|
|
Batting: RHB Joseph Rietano
|
0-0: Ball 1-0: Ball 2-0: Ball 3-0: Base on Balls
|
|
Batting: RHB Alberto Reyes
|
0-0: Called Strike 0-1: Ball 1-1: SINGLE (Groundball, P, EV 95.0 MPH) (infield hit) Joseph Rietano to second
|
|
Batting: RHB Barry Siebert
|
0-0: Fly out, F8 (Line Drive, 8RD, EV 105.0 MPH)
|
| Top of the 5th over - 0 runs, 1 hit, 0 errors, 2 left on base; Clinton 5 - Danville 0 |
| BOTTOM OF THE 5TH |
|
Danville Veterans batting - Pitching for Clinton Pilots : RHP Mark Ciardi
|
|
Batting: RHB Jeff Moronko
|
0-0: Ground out 4-3 (Groundball, 34, EV 89.4 MPH)
|
|
Batting: RHB Gordon Gauntlett
|
0-0: Ball 1-0: Ball 2-0: Fly out, F8 (Flyball, 89D, EV 95.0 MPH)
|
|
Batting: RHB Tom Hayes
|
0-0: Ball 1-0: SINGLE (Groundball, 56D, EV 95.0 MPH)
|
|
Batting: RHB Billy Hatcher
|
0-0: Called Strike 0-1: DOUBLE (Groundball, 5L, EV 105.6 MPH) Tom Hayes to third Runner from 3rd tries for Home, SAFE, no throw by LF
|
|
Batting: LHB Adrian Zepeda
|
0-0: SINGLE (Flyball, 8RS, EV 98.8 MPH) Billy Hatcher to third Runner from 3rd tries for Home, SAFE, throw by CF to home
|
|
Batting: RHB Henry Janssen
|
0-0: Ball 1-0: Foul Ball, location: 2F 1-1: Called Strike 1-2: Strikes out swinging
|
| Bottom of the 5th over - 2 runs, 3 hits, 0 errors, 1 left on base; Clinton 5 - Danville 2 |
| TOP OF THE 6TH |
|
Clinton Pilots batting - Pitching for Danville Veterans : RHP Dave W Smith
|
|
Batting: LHB Epifano Martinez
|
0-0: Ball 1-0: Foul Ball, location: 2F 1-1: Called Strike 1-2: Foul Ball, location: 2F 1-2: Strikes out swinging
|
|
Batting: RHB Paul Bradley
|
0-0: Foul Ball, location: 2F 0-1: Foul Ball, location: 2F 0-2: Strikes out swinging
|
|
Batting: RHB Danny Chairez
|
0-0: SINGLE (Groundball, 4MD, EV 98.8 MPH)
|
|
Batting: RHB Tom Riley
|
0-0: Fly out, F4 (Line Drive, 4, EV 66.9 MPH)
|
| Top of the 6th over - 0 runs, 1 hit, 0 errors, 1 left on base; Clinton 5 - Danville 2 |
| BOTTOM OF THE 6TH |
|
Danville Veterans batting - Pitching for Clinton Pilots : RHP Mark Ciardi
|
|
Batting: LHB Mark Salas
|
0-0: Called Strike 0-1: Ball 1-1: Fly out, F7 (Flyball, 7, EV 78.1 MPH)
|
|
Batting: RHB Robert Gauci
|
0-0: Called Strike 0-1: Ball 1-1: Ball 2-1: Ball 3-1: SINGLE (Flyball, 8LS, EV 90.0 MPH)
|
|
Batting: RHB Ed Saavedra
|
0-0: Foul Ball, location: 2F 0-1: Ball 1-1: Ball 2-1: Called Strike 2-2: Ball 3-2: Base on Balls Robert Gauci to second
|
|
Batting: RHB Jeff Moronko
|
0-0: Ball 1-0: Called Strike 1-1: Swinging Strike 1-2: Strikes out swinging
|
|
Batting: RHB Gordon Gauntlett
|
0-0: Called Strike 0-1: Ball 1-1: Fly out, F4 (Line Drive, 4, EV 73.8 MPH)
|
| Bottom of the 6th over - 0 runs, 1 hit, 0 errors, 2 left on base; Clinton 5 - Danville 2 |
| TOP OF THE 7TH |
|
Clinton Pilots batting - Pitching for Danville Veterans : RHP Dave W Smith
|
|
Batting: SHB Alan Regier
|
0-0: Foul Ball, location: 2F 0-1: Foul Ball, location: 2F 0-2: Ball 1-2: Fly out, F9 (Line Drive, 9, EV 91.9 MPH)
|
|
Batting: RHB Abe Rael
|
0-0: Ball 1-0: Foul Ball, location: 2F 1-1: Foul Ball, location: 2F 1-2: Ball 2-2: Foul Ball, location: 2F 2-2: Ball 3-2: Strikes out swinging
|
|
Batting: RHB Joseph Rietano
|
0-0: SINGLE (Line Drive, 8RS, EV 101.9 MPH)
|
|
Batting: RHB Alberto Reyes
|
0-0: Ball 1-0: Foul Ball, location: 2F 1-1: Ball 2-1: Foul Ball, location: 2F 2-2: Ball 3-2: Base on Balls Joseph Rietano to second
|
|
Batting: RHB Barry Siebert
|
0-0: Ball 1-0: Foul Ball, location: 2F 1-1: Swinging Strike 1-2: Foul Ball, location: 2F 1-2: Strikes out looking
|
| Top of the 7th over - 0 runs, 1 hit, 0 errors, 2 left on base; Clinton 5 - Danville 2 |
| BOTTOM OF THE 7TH |
|
Danville Veterans batting - Pitching for Clinton Pilots : RHP Mark Ciardi
|
|
Batting: RHB Tom Hayes
|
0-0: Foul Ball, location: 2F 0-1: Swinging Strike 0-2: Ground out 4-3 (Groundball, 4, EV 82.5 MPH)
|
|
Batting: RHB Billy Hatcher
|
0-0: Ball 1-0: Foul Ball, location: 2F 1-1: Ball 2-1: Foul Ball, location: 2F 2-2: Ball 3-2: Base on Balls
|
|
Batting: LHB Adrian Zepeda
|
0-0: Fielders Choice at 2nd, 3-6 (Groundball, 3, EV 77.5 MPH)
|
|
Batting: RHB Henry Janssen
|
0-0: Called Strike Adrian Zepeda steals 2nd base 0-1: Foul Ball, location: 2F 0-2: Foul Ball, location: 2F 0-2: Ball 1-2: Ball 2-2: Ball 3-2: Fly out, F9 (Flyball, 9, EV 78.8 MPH)
|
| Bottom of the 7th over - 0 runs, 0 hits, 0 errors, 1 left on base; Clinton 5 - Danville 2 |
| TOP OF THE 8TH |
|
Clinton Pilots batting - Pitching for Danville Veterans : RHP Dave W Smith
|
|
Batting: LHB Epifano Martinez
|
0-0: Foul Ball, location: 2F 0-1: Ball 1-1: Ball 2-1: Foul Ball, location: 2F 2-2: Ball 3-2: Base on Balls
|
|
Batting: RHB Paul Bradley
|
0-0: Sac Bunt to 13 - play at first, batter OUT! 1-3 Epifano Martinez to second
|
|
Batting: RHB Danny Chairez
|
0-0: SINGLE (Line Drive, 6D, EV 111.3 MPH) Epifano Martinez to third Runner from 3rd tries for Home, SAFE, throw by CF to home
|
|
Batting: RHB Tom Riley
|
0-0: Ball 1-0: Ball 2-0: SINGLE (Groundball, 56D, EV 103.1 MPH) Danny Chairez to second
|
|
Batting: SHB Alan Regier
|
0-0: Ball 1-0: Called Strike 1-1: Ball 2-1: Foul Ball, location: 2F 2-2: Foul Ball, location: 2F 2-2: Ground out 4-3 (Groundball, 34D, EV 103.8 MPH) Danny Chairez to third Tom Riley to second
|
|
Batting: RHB Abe Rael
|
0-0: Ball 1-0: DOUBLE (Line Drive, 9LD, EV 109.4 MPH) Danny Chairez scores Tom Riley scores
|
|
Pitching: LHP Donald Johnson
|
|
|
Batting: RHB Joseph Rietano
|
0-0: Fly out, F3 (Popup, 3F, EV 61.9 MPH)
|
| Top of the 8th over - 3 runs, 3 hits, 0 errors, 1 left on base; Clinton 8 - Danville 2 |
| BOTTOM OF THE 8TH |
|
Danville Veterans batting - Pitching for Clinton Pilots : RHP Mark Ciardi
|
|
Batting: LHB Mark Salas
|
0-0: Called Strike 0-1: Ground out 5-3 (Groundball, 56, EV 103.1 MPH)
|
|
Batting: RHB Robert Gauci
|
0-0: Ball 1-0: Fly out, F8 (Flyball, 8LM, EV 83.8 MPH)
|
|
Batting: RHB Ed Saavedra
|
0-0: Swinging Strike 0-1: Foul Ball, location: 2F 0-2: Strikes out looking
|
| Bottom of the 8th over - 0 runs, 0 hits, 0 errors, 0 left on base; Clinton 8 - Danville 2 |
| TOP OF THE 9TH |
|
Clinton Pilots batting - Pitching for Danville Veterans : LHP Donald Johnson
|
|
Batting: RHB Alberto Reyes
|
0-0: SINGLE (Groundball, 25, EV 70.0 MPH) (infield hit)
|
|
Batting: RHB Barry Siebert
|
0-0: Ball 1-0: Ball 2-0: Called Strike 2-1: Ball 3-1: Base on Balls Alberto Reyes to second
|
|
Batting: LHB Epifano Martinez
|
0-0: Ball 1-0: Called Strike 1-1: Swinging Strike 1-2: Strikes out looking
|
|
Batting: RHB Paul Bradley
|
0-0: Called Strike 0-1: Fly out, F7 (Flyball, 7LM, EV 75.6 MPH)
|
|
Batting: RHB Danny Chairez
|
0-0: Ball 1-0: Foul Ball, location: 2F 1-1: Foul Ball, location: 2F 1-2: Strikes out swinging
|
| Top of the 9th over - 0 runs, 1 hit, 0 errors, 2 left on base; Clinton 8 - Danville 2 |
| BOTTOM OF THE 9TH |
|
Danville Veterans batting - Pitching for Clinton Pilots : RHP Mark Ciardi
|
|
Batting: RHB Jeff Moronko
|
0-0: Ball 1-0: Called Strike 1-1: Ball 2-1: Ball 3-1: Ground out 4-3 (Groundball, 34, EV 98.1 MPH)
|
|
Batting: RHB Gordon Gauntlett
|
0-0: Called Strike 0-1: Foul Ball, location: 2F 0-2: Ball 1-2: Ground out 5-3 (Groundball, 56, EV 109.4 MPH)
|
|
Batting: RHB Tom Hayes
|
0-0: Foul Ball, location: 2F 0-1: Swinging Strike 0-2: Ball 1-2: Foul Ball, location: 2F 1-2: Ball 2-2: Ground out 6-3 (Groundball, 6, EV 93.8 MPH)
|
| Bottom of the 9th over - 0 runs, 0 hits, 0 errors, 0 left on base; Clinton 8 - Danville 2 |
|